 Dungeon Crawl Stone Soup version 0.22-a0-422-g9628fc8 (webtiles) character file.

629 iamserjio the Magician (level 7, -6/46 HPs)
             Began as a Mummy Earth Elementalist on May 16, 2018.
             Killed from afar by Duvessa (15 damage)
             ... with a wand of flame (24)
             ... on level 5 of the Dungeon.
             The game lasted 00:10:02 (6021 turns).

iamserjio the Magician (Mummy Earth Elementalist)   Turns: 6021, Time: 00:10:03

Health: -6/46      AC:  5    Str: 11    XL:     7   Next: 23%
Magic:  13/16      EV: 12    Int: 16    God:
Gold:   209        SH:  0    Dex: 13    Spells: 14/18 levels left

rFire    x . .     SeeInvis .   o - +3 dagger (venom)
rCold    + . .     Gourm    .   (no shield)
rNeg     + + +     Faith    .   m - +1 animal skin
rPois    ∞         Spirit   .   n - +0 helmet
rElec    .         Reflect  .   h - +0 cloak
rCorr    .         Harm     .   (no gloves)
MR       .....                  (no boots)
Stlth    ++........             e - amulet of the acrobat
HPRegen  0.15/turn              (no ring)
MPRegen  0.15/turn              (no ring)

@: no status effects
A: no food or potions, fire vulnerability, cold resistance 1, negative energy
resistance 3, torment resistance, unbreathing
a: no special abilities


You were on level 5 of the Dungeon.
You were not hungry.

You visited 1 branch of the dungeon, and saw 5 of its levels.

You collected 209 gold pieces.

Inventory:

Hand Weapons
 l - a +2 dagger of draining
 o - a +3 dagger of venom (weapon)
Missiles
 b - 107 stones (quivered)
Armour
 h - a +0 cloak (worn)
 m - a +1 animal skin (worn)
 n - a +0 helmet (worn)
Magical Staves
 j - an uncursed staff of death {unknown}
Jewellery
 e - an amulet of the acrobat (around neck)
 f - an uncursed ring of flight {unknown}
Scrolls
 a - 4 scrolls of blinking
 c - a scroll of teleportation {unknown}
 d - 4 scrolls of amnesia
 g - 2 scrolls of fog
 i - a scroll of random uselessness {unknown}
 k - a scroll of immolation {unknown}
 p - a scroll of identify
 q - a scroll of enchant armour {unknown}
 r - a scroll of fear {unknown}


   Skills:
 - Level 1.5 Dodging
 - Level 1.5 Stealth
 + Level 6.0 Spellcasting
   Level 0.7 Transmutations
 * Level 5.9 Earth Magic


You had 14 spell levels left.
You knew the following spells:

 Your Spells              Type           Power        Failure   Level  Hunger
a - Sandblast             Erth           ###...       1%          1    N/A
b - Stone Arrow           Conj/Erth      ##....       12%         3    N/A

Your spell library contained the following spells:

 Spells                   Type           Power        Failure   Level  Hunger
 Passwall                 Tmut/Erth      ###.......   5%          2    N/A
 Lee's Rapid Deconstruct  Erth           ###.......   32%         5    N/A
 Petrify                  Tmut/Erth      ###.....     34%         4    N/A

Dungeon Overview and Level Annotations

Branches:
Dungeon (5/15)
 Temple: D:4-7

Altars:
Fedhas

Annotations:
D:5 Dowan, Duvessa


Innate Abilities, Weirdness & Mutations

You do not eat or drink.
Your flesh is vulnerable to fire.
You are immune to poison.
Your flesh is cold resistant. (rC+)
You are immune to negative energy. (rN+++)
You are immune to unholy pain and torment.
You can survive without breathing.


Message History

Aiming: Sandblast (safe; 1% risk of failure)
Press: ? - help, Shift-Dir - straight line, f - Duvessa
Aim: Duvessa, wielding a short sword and wearing a leather armour (fast)
The blast of sand hits Duvessa.
Duvessa is lightly wounded.
b - 108 stones Duvessa zaps a wand.
The puff of flame hits you! The fire burns you terribly!
It is a wand of flame (25).
Casting: Sandblast (safe; 1% risk of failure)
Confirm with . or Enter, or press ? or * to list all spells.
Aiming: Sandblast (safe; 1% risk of failure)
Press: ? - help, Shift-Dir - straight line, f/p - Duvessa
Aim: Duvessa, wielding a short sword, wearing a leather armour and carrying a wand of flame (25) (lightly wounded, fast)
The blast of sand hits Duvessa.
Duvessa is heavily wounded.
b - 107 stones Duvessa zaps a wand.
The puff of flame hits you! The fire burns you terribly!
* * * LOW HITPOINT WARNING * * *
Duvessa zaps a wand.
The puff of flame hits you! The fire burns you terribly!
You die...

#.........#
#......)..#
.#.........#
...........#
#..........#
........e###
##.###.#e#
#.#†# #.#@#
#.### #. ..


You could see Duvessa and Dowan.

Vanquished Creatures
  2 ogres (D:4)
  A howler monkey (D:5)
  2 orc priests (D:4)
  Natasha (twice) (D:2)
  An orc wizard (D:3)
  A worker ant (D:4)
  Robin (D:2)
  3 gnolls (D:2)
  6 adders
  An adder skeleton (D:4)
  2 worms (D:3)
  4 dart slugs
  6 leopard geckos
  16 orcs
  6 giant cockroaches
  15 goblins
  15 hobgoblins
  16 jackals
  3 quokkas (D:2)
  8 bats
  6 frilled lizards
  7 kobolds
  A leopard gecko skeleton (D:4)
  5 rats
130 creatures vanquished.

Notes
Turn   | Place    | Note
-------+----------+-------------------------------------------
     0 | D:1      | iamserjio the Mummy Earth Elementalist began the quest for the Orb.
     0 | D:1      | Reached XP level 1. HP: 13/13 MP: 4/4
     3 | D:1      | Noticed an electric eel
     3 | D:1      | Noticed an electric eel
   510 | D:1      | Reached skill level 3 in Spellcasting
   510 | D:1      | Reached XP level 2. HP: 18/19 MP: 3/6
  1463 | D:1      | Reached XP level 3. HP: 24/24 MP: 4/7
  1896 | D:2      | Found a blossoming altar of Fedhas.
  1954 | D:2      | Noticed Robin
  1978 | D:2      | Killed Robin
  2636 | D:2      | Learned a level 3 spell: Stone Arrow
  2659 | D:2      | Reached XP level 4. HP: 27/30 MP: 2/9
  2703 | D:2      | Reached skill level 4 in Spellcasting
  3170 | D:2      | Reached XP level 5. HP: 32/35 MP: 3/11
  3385 | D:2      | Noticed Natasha
  3492 | D:2      | Killed Natasha
  3543 | D:2      | Noticed Natasha
  3547 | D:2      | Killed Natasha
  3827 | D:3      | Reached XP level 6. HP: 25/41 MP: 4/13
  4465 | D:3      | Reached skill level 5 in Spellcasting
  4756 | D:4      | Reached skill level 5 in Earth Magic
  5525 | D:4      | Reached XP level 7. HP: 27/46 MP: 15/15
  5988 | D:5      | Entered Level 5 of the Dungeon
  5995 | D:5      | Noticed Duvessa
  6002 | D:5      | Noticed Dowan
  6019 | D:5      | Reached skill level 6 in Spellcasting
  6021 | D:5      | Killed from afar by Duvessa

Vault maps used:
D:1:      arrival_aquarium_b
D:2:      fedhas_altar_3, uniq_robin, uniq_natasha
D:3:      minmay_misc_feat_square
D:4:      minivault_25
D:5:      first_ration, uniq_duvessa

Skill      XL: |  1  2  3  4  5  6  7 |
---------------+----------------------+-----
Spellcasting   | 3 4 5 6 |  6.0
Earth Magic    | 3 4 5 |  5.9
Dodging        | |  1.5
Stealth        | |  1.5
Transmutations | |  0.7

Action                   |  1- 3 |  4- 6 |  7- 9 || total
-------------------------+-------+-------+-------++-------
Melee: Unarmed           |     3 |       |       ||     3
       Dagger            |    71 |   166 |    42 ||   279
 Cast: Sandblast         |    40 |    22 |     2 ||    64
       Stone Arrow       |     1 |    14 |       ||    15
  Use: Scroll            |       |     8 |       ||     8
 Stab: Sleeping          |     1 |     4 |       ||     5
Armor: Robe              |    17 |       |       ||    17
       Animal skin       |     3 |    45 |    15 ||    63
Dodge: Dodged            |    58 |   116 |    30 ||   204

Table legend:
 A = Spawn XP
 B = Non-spawn XP
 C = Spawn XP percentage of total XP
 D = Spawn monster count
 E = Non-spawn monster count
 F = Spawn count percentage of total count
 G = Total turns spent on level
                    A         B        C        D         E        F      G
               +---------+---------+-------+---------+---------+-------+---------
         Total |       0 |     899 |   0.0 |       0 |     130 |   0.0 |  6021
               +---------+---------+-------+---------+---------+-------+---------
           D:1 |       0 |      55 |   0.0 |       0 |      31 |   0.0 |  2371
           D:2 |       0 |     245 |   0.0 |       0 |      44 |   0.0 |  1296
           D:3 |       0 |     128 |   0.0 |       0 |      34 |   0.0 |  1005
           D:4 |       0 |     396 |   0.0 |       0 |      17 |   0.0 |  1316
           D:5 |       0 |      75 |   0.0 |       0 |       4 |   0.0 |    33
               +---------+---------+-------+---------+---------+-------+---------
